 Dungeon Crawl Stone Soup version 0.25.0-45-g978344163c (webtiles) character file.

Game seed: 6792012216685933784

108 Ethylacetat the Gusty (level 4, -5/27 HPs)
             Began as an Octopode Air Elementalist on July 11, 2020.
             Slain by a centaur (8 damage)
             ... on level 2 of the Dungeon.
             The game lasted 00:11:43 (2655 turns).

Ethylacetat the Gusty (Octopode Air Elementalist)   Turns: 2655, Time: 00:11:44

Health: -5/27      AC:  1    Str:  7    XL:     4   Next: 87%
Magic:  0/8        EV: 13    Int: 18    God:
Gold:   151        SH:  0    Dex: 12    Spells: 4/9 levels left

rFire    . . .     SeeInvis .   h - +0 dagger
rCold    . . .     Gourm    .   (no shield)
rNeg     . . .     Faith    .   (helmet restricted)
rPois    .         Spirit   .   (no amulet)
rElec    .         Reflect  .   j - ring of protection from magic
rCorr    .         Harm     .   (no ring)
MR       +....                  (no ring)
Stlth    +++.......             (no ring)
HPRegen  0.09/turn              (no ring)
MPRegen  0.11/turn              (no ring)
                                (no ring)
                                (no ring)

@: very slightly contaminated
A: almost no armour, stealthy swim, amphibious, 8 rings, constrict 8, camouflage
1, gelatinous body 1
a: no special abilities


You were on level 2 of the Dungeon.
You were hungry.

You visited 1 branch of the dungeon, and saw 2 of its levels.

You collected 151 gold pieces.

Inventory:

Hand Weapons
 h - a +0 dagger (weapon)
Jewellery
 j - a ring of protection from magic (left tentacle)
Scrolls
 c - a scroll of remove curse {unknown}
 d - 3 scrolls of identify {unknown}
 k - a scroll of immolation {unknown}
 l - a scroll of fear {unknown}
Potions
 a - 2 potions of haste
 e - 2 potions of brilliance {unknown}
 f - 3 potions of curing {unknown}
 g - a potion of stabbing {unknown}
 i - a potion of magic {unknown}
Comestibles
 b - 6 rations
 m - 10 chunks of flesh


   Skills:
 - Level 2.0 Dodging
 - Level 2.6 Stealth
 + Level 3.0 Spellcasting
 - Level 1.0 Conjurations
 * Level 4.7 Air Magic


You had 4 spell levels left.
You knew the following spells:

 Your Spells              Type           Power        Failure   Level  Hunger
a - Shock                 Conj/Air       ##..         4%          1    None
b - Airstrike             Air            ###.......   22%         4    ####...

Your spell library contained the following spells:

 Spells                   Type           Power        Failure   Level  Hunger
 Swiftness                Chrm/Air       ##......     10%         2    ##.....
 Static Discharge         Conj/Air       ##......     16%         3    ###....
 Lightning Bolt           Conj/Air       ##........   80%         5    ######.


Dungeon Overview and Level Annotations

Branches:
Dungeon (2/15)

Altars:
Qazlal


Innate Abilities, Weirdness & Mutations

You cannot wear most types of armour.
You are very stealthy in the water. (Stealth+)
You are amphibious.
You can wear up to eight rings at the same time.
You can use your tentacles to constrict eight enemies at once.
Your skin changes colour to match your surroundings (Stealth+).
Your rubbery body absorbs attacks. (AC +1, EV +1)


Message History

You hit the centaur but do no damage. Your squeeze misses the centaur.
The centaur is severely wounded.
The centaur misses you.
You barely miss the centaur.
The centaur is severely wounded.
The centaur hits you!
* * * LOW HITPOINT WARNING * * *
The centaur closely misses you.
Casting: Airstrike (potentially lethal; 22% risk of failure)
Confirm with . or Enter, or press ? or * to list all spells.
Aiming: Shock (safe; 4% risk of failure)
Press: ? - help, Shift-Dir - straight line, f/p - centaur
Aim: a centaur, quivering 14 arrows (severely wounded)
The zap hits the centaur.
The centaur is almost dead.
The centaur barely misses you.
You hit the centaur but do no damage. You squeeze the centaur.
The centaur is almost dead.
The centaur hits you!
You die...

#####.# #......# #...
......# #......# #...
......# #......# #...
......# #......# ####
......# #....c.#
..(...# #......#
#####)# #......# #....#
###..c##### #### #....#
#..$.(@...# §§§§§
##..>)#####.#######.#
§§§§§
#........##.#.....#.###
§§§§§
#........##.......#...#
§§§§§
#........##.......#...#
§####
#........##.......#...#
8#_..
##....#####.......#...#
§####
#....#####÷#.#...#...#
§§§§§
#..................###
§§§§§


You could see a centaur.

Vanquished Creatures
  Jessica (D:2)
  A gnoll (D:1)
  An adder (D:2)
  2 worms (D:2)
  3 dart slugs (D:1)
  A leopard gecko (D:1)
  2 ball pythons (D:1)
  4 giant cockroaches
  8 goblins
  6 hobgoblins
  5 jackals (D:2)
  3 bats
  5 frilled lizards
  3 kobolds
  7 rats
52 creatures vanquished.

Notes
Turn   | Place    | Note
-------+----------+-------------------------------------------
     0 | D:1      | Ethylacetat the Octopode Air Elementalist began the quest
                  | for the Orb.
     0 | D:1      | Reached XP level 1. HP: 11/11 MP: 3/3
   202 | D:1      | Reached XP level 2. HP: 17/17 MP: 3/5
   373 | D:1      | Reached XP level 3. HP: 2/21 MP: 1/6
   944 | D:1      | Reached skill level 4 in Air Magic
  1630 | D:2      | Noticed Jessica
  1636 | D:2      | Killed Jessica
  1636 | D:2      | Reached XP level 4. HP: 27/27 MP: 4/8
  1637 | D:2      | Found a stormy altar of Qazlal.
  1723 | D:2      | Learned a level 4 spell: Airstrike
  2623 | D:2      | Noticed a centaur
  2655 | D:2      | Slain by a centaur

Illustrated notes

Levels and vault maps discovered:
D:1:      lemuel_arrival_funnel, layout_basic, minmay_misc_feat_chi
D:2:      layout_basic, nicolae_qazlal_eye_of_the_storm, uniq_jessica

Skill      XL: |  1  2  3  4 |
---------------+-------------+-----
Air Magic      | 4 |  4.7
Spellcasting   | 3 |  3.0
Dodging        | |  2.0
Stealth        | |  2.6
Conjurations   | |  1.0

Action                   |  1- 3 |  4- 6 || total
-------------------------+-------+-------++-------
Melee: Club              |     3 |       ||     3
       Tentacles         |     3 |     1 ||     4
       Constrict         |     2 |     2 ||     4
       Unarmed           |     1 |       ||     1
       Dagger            |     6 |    10 ||    16
 Cast: Shock             |    41 |    43 ||    84
       Airstrike         |       |     1 ||     1
 Stab: Sleeping          |     1 |       ||     1
  Eat: Chunk             |     2 |     3 ||     5
Armor: Skin              |     4 |     2 ||     6
Dodge: Dodged            |    15 |    22 ||    37
